 Dungeon Crawl Stone Soup version 0.29.1-15-g9cfb28693d (webtiles) character file.

Game seed: 5250973108573909171

51 Peloso the Shield-Bearer (level 3, -6/33 HPs)
             Began as a Minotaur Fighter on Mar 12, 2023.
             Mangled by Sigmund
             ... wielding a +0 scythe
              (7 damage)
             ... on level 2 of the Dungeon.
             The game lasted 00:02:19 (1051 turns).

Peloso the Shield-Bearer (Minotaur Fighter)         Turns: 1051, Time: 00:02:19

Health: -6/33      AC:  8    Str: 20    XL:     3   Next: 57%
Magic:  2/2        EV:  9    Int:  5    God:
Gold:   54         SH:  0    Dex: 11    Spells: 2/2 levels left

rFire   . . .      SeeInvis .   a - +0 long sword
rCold   . . .      Faith    .   d - +0 buckler
rNeg    . . .      Spirit   .   b - +0 scale mail
rPois   .          Reflect  .   (helmet restricted)
rElec   .          Harm     .   (no cloak)
rCorr   .          Rampage  .   (no gloves)
Will    .....                   c - +0 pair of boots
Stlth   ..........              (no amulet)
HPRegen 0.11/turn               (no ring)
MPRegen 0.08/turn               (no ring)

@: confused
A: horns 2, retaliatory headbutt
a: no special abilities


You were on level 2 of the Dungeon.
You visited 1 branch of the dungeon, and saw 2 of its levels.

You collected 54 gold pieces.

Inventory:

Hand Weapons
 a - a +0 long sword (weapon)
Armour
 b - a +0 scale mail (worn)
 c - a +0 pair of boots (worn)
 d - a +0 buckler (worn)
Potions
 e - a potion of might


   Skills:
 + Level 4.1 Fighting
 + Level 2.9 Long Blades
 + Level 4.2 Armour
 + Level 0.8 Dodging
 + Level 4.2 Shields


You had 2 spell levels left.
You didn't know any spells.
Your spell library contained the following spells:

 Spells                   Type           Power      Damage    Failure   Level
 Conjure Flame            Conj/Fire      0%         6-21      99%         3
 Ignite Poison            Fire/Tmut/Pois 0%         N/A       99%         3
 Sticky Flame             Conj/Fire      0%         2d3       100%        4


Dungeon Overview and Level Annotations

Branches:
Dungeon (2/15)

Altars:

Annotations:
D:2 Sigmund


Innate Abilities, Weirdness & Mutations

You have a pair of horns on your head.
You reflexively headbutt those who attack you in melee.


Message History

Sigmund shouts!
Sigmund is nearby!
Sigmund is nearby!
Sigmund hits you with a +0 scythe.
You closely miss Sigmund. Sigmund hits you with a +0 scythe!
You hit Sigmund. You headbutt Sigmund.
Sigmund is moderately wounded.
You closely miss Sigmund.
Sigmund is moderately wounded.
Sigmund hits you with a +0 scythe.
You closely miss Sigmund.
Sigmund is moderately wounded.
Sigmund completely misses you.
You hit Sigmund but do no damage.
Sigmund is moderately wounded.
Sigmund points at you and mumbles some strange words.
You resist with significant effort.
You hit Sigmund. You headbutt Sigmund, but do no damage.
Sigmund is heavily wounded.
Sigmund hits you but does no damage.
You hit Sigmund.
Sigmund is severely wounded.
You block Sigmund's attack.
You closely miss Sigmund.
Sigmund is severely wounded.
Sigmund gestures at you while chanting.
You are confused.
You bump into the rock wall.
Sigmund gestures at you while chanting.
The magic dart hits you but does no damage.
Sigmund points at you and mumbles some strange words.
You resist with significant effort.
Sigmund hits you from afar with a +0 scythe!
* * * LOW HITPOINT WARNING * * *
You're too confused to move!
Sigmund hits you from afar with a +0 scythe!
* * * LOW HITPOINT WARNING * * *
Okay, then.
Sigmund hits you from afar with a +0 scythe!
You die...

#.# ..... ...
..#.## #.# #
#.#... ...
#.#....# #.#
#......# #.#
.....# #@#
##..###.#######.
#.......@.......
#...###.########
#####...# #...
#.......# #####
#..###..## #..#
#..# #..#
#..#########


You could see Sigmund.

Vanquished Creatures
  A gnoll (D:1)
  2 dart slugs (D:1)
  4 ball pythons (D:1)
  An endoplasm (D:1)
  2 giant cockroaches (D:1)
  6 goblins (D:1)
  2 hobgoblins (D:1)
  2 jackals (D:1)
  2 quokkas (D:1)
  5 bats
  3 frilled lizards (D:1)
  A kobold (D:1)
  2 rats (D:1)
33 creatures vanquished.

Notes
Turn   | Place    | Note
-------+----------+-------------------------------------------
     0 | D:1      | Peloso the Minotaur Fighter began the quest for the Orb.
     0 | D:1      | Reached XP level 1. HP: 19/19 MP: 0/0
   148 | D:1      | Found a faded altar of an unknown god.
   262 | D:1      | Reached XP level 2. HP: 27/27 MP: 1/1
   602 | D:1      | Reached XP level 3. HP: 32/33 MP: 2/2
  1036 | D:2      | Noticed Sigmund
  1049 | D:2      | HP: 1/33 [Sigmund/+0 scythe (7)]
  1051 | D:2      | Mangled by Sigmund

Illustrated notes

Levels and vault maps discovered:
D:1:      lightli_arrival_noodles, layout_basic, ebering_ecumenical_altar_rust
D:2:      layout_basic, serial_shops, nicolae_shop_hallway_plus,
          serial_corexii_hall, corexii_hall_statues_s,
          corexii_hall_statues_deadend, chequers_hall_statues_y,
          corexii_hall_statues_i, amethyst_killhole, uniq_terence, uniq_sigmund

Skill      XL: |  1  2 |
---------------+-------+-----
Armour         | 4 |  4.2
Shields        | 4 |  4.2
Fighting       | 4 |  4.1
Long Blades    | |  2.9
Dodging        | |  0.8

Action                   || total
-------------------------++-------
Melee: Long sword        ||    71
       Headbutt          ||     9
  Use: Scroll            ||     2
       Potion            ||     1
Armor: Scale mail        ||    45
Dodge: Dodged            ||    48
Block: Buckler           ||    16
